 Dungeon Crawl Stone Soup version 0.27.1 (console) character file.

Game seed: 18343900210646216364

245400 thromnambular the Warrior (level 18, -2/149 HPs)
             Began as a Demonspawn Wanderer on Aug 21, 2021.
             Was a High Priest of Trog.
             Slain by an orc warlord (13 damage)
             ... on level 2 of the Vaults.
             The game lasted 01:58:37 (39616 turns).

thromnambular the Warrior (Demonspawn Wanderer)    Turns: 39616, Time: 01:58:38

Health: -2/149     AC: 39    Str: 22    XL:     18   Next: 76%
Magic:  0/7        EV: 16    Int: 10    God:    Trog [*****.]
Gold:   544        SH: 24    Dex: 24    Spells: 21/21 levels left

rFire    + + +     SeeInvis +   b - +4 broad axe (antimagic)
rCold    . . .     Faith    +   g - +4 tower shield {AC+3}
rNeg     + + +     Spirit   +   k - +3 chain mail {rF+}
rPois    +         Reflect  .   (helmet unavailable)
rElec    +         Harm     .   Q - +2 ratskin cloak {*Rats rPois rN+ Str-1 Int-1 Dex+1}
rCorr    .         Rampage  .   N - +2 pair of gloves
Will     +++..     NoCast   +   X - +0 pair of boots of Vanity {-Cast +Blink Dex+3}
Stlth    ..........             W - amulet "Yguz" {Faith rF++ rN++ Regen+}
HPRegen  2.34/turn              C - ring of see invisible
MPRegen  0.20/turn              P - ring "Sijevups" {rElec Str+4 Int-3 Dex+6}

@: strong-willed, sanguine armoured, regenerating, studying 2 skills
A: horns 3, spiny 1, magic shield, magic regeneration, sanguine armour 3,
corrupting presence 1
}: 2/15 runes: decaying, gossamer
a: Renounce Religion, Evoke Blink, Berserk, Trog's Hand, Brothers in Arms


You were on level 2 of the Vaults.
You worshipped Trog.
Trog was extremely pleased with you.
You visited 6 branches of the dungeon, and saw 33 of its levels.
You visited the Abyss 1 time.
You also visited: Sewer, Gauntlet and Volcano.

You collected 3548 gold pieces.
You spent 3004 gold pieces at shops.

Inventory:

Hand Weapons
 a - a +6 broad axe of flaming
 b - a +4 antimagic broad axe (weapon)
 J - a +5 battleaxe of electrocution
Missiles
 t - 11 silver javelins
Armour
 g - a +4 tower shield of protection (worn)
 k - a +3 chain mail of fire resistance (worn)
 r - a +2 pair of boots of flying
 H - a +2 cloak of poison resistance
 N - a +2 pair of gloves (worn)
 Q - the +2 ratskin cloak (worn) {*Rats rPois rN+ Str-1 Int-1 Dex+1}
   (You bought it in a shop on level 14 of the Dungeon)

   When the wearer is hurt, rats may emerge from it to assist them.
   Str:       It affects your strength (-1).
   Int:       It affects your intelligence (-1).
   Dex:       It affects your dexterity (+1).
   rPois:     It protects you from poison.
   rN:        It protects you from negative energy.
 T - a scarf of resistance
 X - the +0 pair of boots of Vanity (worn) {-Cast +Blink Dex+3}
   (You bought it in a shop on level 14 of the Dungeon)

   Dex:       It affects your dexterity (+3).
   +Blink:    It lets you blink.
   -Cast:     It prevents spellcasting.
Jewellery
 C - a ring of see invisible (left hand)
 L - an amulet of the acrobat
 O - a ring of poison resistance
 P - the ring "Sijevups" (right hand) {rElec Str+4 Int-3 Dex+6}
   (You bought it in a shop on level 2 of the Orcish Mines)

   [ring of dexterity]

   Str:       It affects your strength (+4).
   Int:       It affects your intelligence (-3).
   Dex:       It affects your dexterity (+6).
   rElec:     It insulates you from electricity.
 S - a ring of resist corrosion
 U - a +4 ring of slaying
 W - the amulet "Yguz" (around neck) {Faith rF++ rN++ Regen+}
   (You acquired it on level 3 of the Spider Nest)

   [amulet of faith]

   It allows you to gain divine favour quickly.
   rF:        It greatly protects you from fire.
   rN:        It greatly protects you from negative energy.
   Regen:     It increases your rate of health regeneration.
Wands
 m - a wand of charming (35)
 s - a wand of iceblast (15) (quivered)
 y - a wand of mindburst (27)
 E - a wand of digging (6)
 K - a wand of paralysis (24)
 V - a wand of polymorph (15)
Scrolls
 c - 6 scrolls of teleportation
 d - 7 scrolls of immolation
 h - 4 scrolls of fear
 l - 2 scrolls of torment
 n - 5 scrolls of magic mapping
 p - 6 scrolls of identify
 q - 3 scrolls of vulnerability
 u - 3 scrolls of fog
 M - a scroll of silence
Potions
 f - 2 potions of might
 i - a potion of flight
 j - a potion of berserk rage
 o - 9 potions of lignification
 v - 5 potions of brilliance
 w - a potion of resistance
 z - a potion of cancellation
 A - 6 potions of haste
 B - 2 potions of mutation
 D - 5 potions of ambrosia
 F - 8 potions of attraction
 G - 6 potions of curing
 I - a potion of invisibility
 R - a potion of heal wounds
Miscellaneous
 e - a tin of tremorstones (1/2)
 x - a lightning rod (4/4)
 Y - a phial of floods


   Skills:
 + Level 15.3 Fighting
 + Level 13.6(13.8) Axes
 - Level 3.9(9.9) Maces & Flails
 - Level 1.0 Throwing
 - Level 12.4 Armour
 + Level 14.6 Dodging
 - Level 1.0 Stealth
 + Level 12.7 Shields
 - Level 2.3 Spellcasting
 - Level 2.6 Air Magic
 - Level 3.0 Earth Magic
 + Level 15.2 Evocations


You had 21 spell levels left.
You didn't know any spells.
Your spell library contained the following spells:

 Spells                   Type           Power      Damage    Failure   Level
 Sandblast                Erth           14%        2d6       92%         1
 Beastly Appendage        Tmut           2%         N/A       100%        1
 Magic Dart               Conj           4%         1d3       100%        1
 Blink                    Tloc           N/A        N/A       100%        2
 Call Imp                 Summ           1%         N/A       100%        2
 Slow                     Hex            1%         N/A       100%        2
 Conjure Flame            Conj/Fire      1%         6-21      100%        3
 Mephitic Cloud           Conj/Pois/Air  2%         N/A       100%        3
 Spider Form              Tmut/Pois      0%         N/A       100%        3
 Stone Arrow              Conj/Erth      8%         3d7       100%        3
 Airstrike                Air            3%         N/A       100%        4
 Ice Form                 Ice/Tmut       1%         N/A       100%        4
 Summon Lightning Spire   Summ/Air       3%         N/A       100%        4
 Lightning Bolt           Conj/Air       1%         1d12      100%        5
 Summon Forest            Summ/Tloc      0%         N/A       100%        5
 Eringya's Noxious Bog    Tmut/Pois      0%         N/A       100%        6
 Statue Form              Tmut/Erth      2%         N/A       100%        6
 Summon Hydra             Summ           0%         N/A       100%        7


Dungeon Overview and Level Annotations

Branches:
Dungeon (15/15)            Temple (0/1) D:4            Lair (6/6) D:8
  Swamp (4/4) Lair:3       Spider (4/4) Lair:4        Slime (0/5) Lair:6
    Orc (2/2) D:10            Elf (0/3) Orc:2        Vaults (2/5) D:13
 Depths (0/5) D:15          Sewer (visited)         Volcano (visited)
Gauntlet (visited)
  Crypt: Vaults:2-3

Altars:
Ashenzari
Dithmenos
Fedhas
Kikubaaqudgha
Nemelex Xobeh
Okawaru
Trog
Xom
Yredelemnul
Zin
Beogh
Jiyva

Shops:
D:7 *   D:9 *   D:14 [   Orc:2 (*:=   Vaults:1 *

Annotations:
Lair:2 exclusion: ice statue


Innate Abilities, Weirdness & Mutations

You have a pair of large horns on your head.
You are partially covered in sharp spines.
When hurt, damage is shared between your health and your magic reserves.
You regenerate magic rapidly.
When seriously injured, your bleeding wounds create very thick armour. (AC +12)
Your presence sometimes corrodes those you injure.


Message History

The orc warlord hits you with a +2 vorpal great mace!!
Your blood congeals into armour.
You block the vault guard's attack. You block the orc warlord's attack.
The orc knight closely misses you.
You hear a shout!
You slice the orc warlord!! Your headbutt misses the orc warlord.
The orc warlord is heavily wounded.
Your shield and chain mail prevent you from hitting the vault guard.
You slash the orc knight!
Your ogre rages.
The vault guard is struck by your spines.
The vault guard hits you with a +0 lajatang!
You block the orc warlord's attack. You block the orc knight's attack.
You swap places. 3 orc knights and a yaktaur come into view.
The yaktaur shouts!
The orc knight shouts! x3
Your ogre hits the orc warlord with a +0 giant spiked club!!
You block the orc knight's attack.
The vault guard hits your ogre with a +0 lajatang!!
Your ogre dies!
Your ogre's corpse disappears in a puff of smoke!
The yaktaur hits you!
There is an open door, spattered with blood here.
Items here: $ (( ))) ? [[ †††.
You slash the orc warlord!
The orc warlord is almost dead.
You slash the yaktaur! You block the orc knight's attack.
You block the yaktaur's attack.
The orc warlord hits you with a +2 vorpal great mace!
A river rat scurries out from under your cloak.
You barely miss the orc warlord.
You headbutt the orc warlord, but do no damage.
The orc warlord is almost dead.
You slash the yaktaur!
The orc knight no longer looks unusually strong.
The orc knight roars a battlecry!
The orc knights go into a battle-frenzy!
You block the yaktaur's attack.
The orc warlord hits you with a +2 vorpal great mace!!!
* * * LOW HITPOINT WARNING * * *
You die...

#... . #...
.# # #..# #
'##'###..#
########
#.c#..#..#
#......#
#oo#..#..#
#......#
#oc#oJ#..#
#......#
#cc#op'..#
#......+
#@###..#
#......#
#.)#..#..#
#......' #.r
..#..#
#......# #$$
..#..#
#...<..#
#####+####..#
#......#
#.......#...#
#......#
#.[.....#...#
########
#.[.....#...#
#
#.......'...#
#


You could see an orc warlord (strong, ally target), a vault guard, 4 orc
knights, a slime creature, 4 yaktaurs and a friendly river rat.

Vanquished Creatures
  Jorgrun (D:13)
  2 ghost moths (Spider:4)
  A fire giant (Vaults:2)
  5 vault wardens (Vaults:1)
  4 emperor scorpions
  A war gargoyle (Vaults:2)
  5 ironbound preservers
  A stone giant (Vaults:2)
  Azrael (D:12)
  2 entropy weavers
  4 dire elephants
  A minotaur (Gauntlet)
  A spark wasp (Spider:4)
  2 bunyips
  A deep elf death mage (Vaults:2)
  A crystal guardian (Vaults:2)
  2 fire dragons
  Josephine (Orc:1)
  3 yaktaur captains
  3 great orbs of eyes (Vaults:2)
  Fannar (D:10)
  5 ironbound thunderhulks
  An ice dragon (D:15)
  6 vault guards
  10 boulder beetles
  Erica (D:8)
  A peacekeeper (Vaults:2)
  A death knight (D:14)
  A ghost crab (Gauntlet)
  15 hydras
  3 ironbound frosthearts
  An ogre mage (Vaults:2)
  2 catoblepae (Lair:6)
  15 centaur warriors
  3 two-headed ogres
  2 death yaks (Lair:6)
  6 ironbound beastmasters
  A hell hog (Volcano)
  A hell knight (Vaults:1)
  Sonja (D:11)
  A titan skeleton (Vaults:2)
  A glowing orange brain (Vaults:1)
  4 skeletal warriors
  A fire crab (Volcano)
  13 deep trolls
  A goliath frog (Swamp:2)
  7 swamp dragons (Swamp:4)
  Pikel (D:6)
  A bog body (Swamp:1)
  12 lindwurms
  10 ironbound convokers
  6 wizards
  An orc knight (D:13)
  A will-o-the-wisp (Swamp:4)
  20 wolf spiders
  2 deep elf pyromancers
  28 ugly things
  8 orb spiders
  6 orc sorcerers
  3 manticores
  7 slime creatures
  6 cyclopes
  13 elephants
  3 moths of wrath
  5 black mambas
  12 vault sentinels
  An ice statue (Gauntlet)
  An eye of devastation (Spider:3)
  2 gargoyles (D:11)
  9 cane toads
  4 torpor snails
  Psyche (D:10)
  2 kobold demonologists (D:13)
  An unseen horror (D:11)
  An unseen horror (shapeshifter) (Spider:1)
  2 human zombies (Vaults:2)
  8 rime drakes
  7 demonic crawlers
  5 komodo dragons
  14 yaktaurs
  A freezing wraith (D:14)
  An efreet (D:12)
  4 trolls
  3 meliai (D:14)
  4 tyrant leeches
  11 hornets
  28 jumping spiders
  Grinder (D:3)
  4 polar bears
  17 blink frogs
  A dream sheep (Lair:6)
  54 redbacks
  Sigmund (D:6)
  5 shadows
  30 tarantellas
  A vampire (D:12)
  A spriggan (Spider:3)
  2 wyverns
  A yak (shapeshifter) (D:15)
  5 wraiths (Orc:1)
  45 yaks
  7 fire bats
  6 steam dragons
  5 fire elementals (D:12)
  2 basilisks
  11 vampire mosquitoes
  Menkaure (D:6)
  A large abomination (Abyss:2)
  An ogre zombie (Vaults:2)
  A swamp worm (Swamp:1)
  5 wargs
  5 acid dragons
  4 hell hounds
  13 water moccasins
  15 orc warriors
  5 swamp drakes (Swamp:4)
  7 ice beasts (Lair:2)
  A hornet zombie (D:6)
  2 black bears
  A necrophage (D:5)
  8 ogres
  27 wolves
  25 centaurs
  2 lemures (D:6)
  7 kobold brigands
  16 bullfrogs
  A gnoll sergeant (D:12)
  5 scorpions
  A wyvern zombie (D:8)
  4 killer bees (D:8)
  11 wights
  10 electric eels
  6 howler monkeys
  A lava snake (Swamp:4)
  3 crimson imps (Abyss:2)
  6 centaur zombies
  Crazy Yiuf (D:6)
  A bullfrog zombie (D:5)
  5 centaur skeletons
  9 orc priests
  A hound (D:4)
  3 jellies
  4 iguanas
  37 orc wizards
  8 adders
  7 gnolls
  5 river rats
  2 shadow imps (D:6)
  7 white imps
  An ufetubus (D:6)
  2 worms
  3 dart slugs
  54 orcs
  6 bats
  9 endoplasms
  A giant cockroach (D:4)
  6 goblins
  11 hobgoblins
  2 quokkas
  14 ball pythons
  4 frilled lizards
  31 kobolds
  5 rats
1035 creatures vanquished.

Vanquished Creatures (collateral kills)
  Asterion (Vaults:2)
  A ghost moth (Spider:3)
  2 vault wardens (Vaults:1)
  An emperor scorpion (Spider:2)
  An entropy weaver (Spider:4)
  2 dire elephants (Vaults:1)
  A fire dragon (Swamp:4)
  2 great orbs of eyes
  An ice dragon (Lair:2)
  3 hydras
  A death yak (Lair:6)
  A spriggan (Swamp:4)
  A fire crab (Swamp:4)
  A lindwurm (Vaults:1)
  A bog body (Swamp:4)
  A wolf spider (Spider:4)
  An ugly thing (Vaults:2)
  A torpor snail (Spider:3)
  A rime drake (Lair:3)
  4 yaktaurs (Vaults:1)
  3 demonic crawlers
  A jumping spider (Spider:4)
  A tyrant leech (Swamp:4)
  A hornet (Swamp:4)
  A slime creature (Vaults:2)
  A redback (Spider:3)
  2 tarantellas
  A fire bat (Swamp:4)
  A water moccasin (Lair:3)
  A swamp drake (Swamp:4)
  2 ice beasts (Lair:2)
  3 white imps (Lair:2)
46 creatures vanquished.

Vanquished Creatures (others)
  A fire dragon (Swamp:4)
  A centaur warrior (D:15)
  A deep troll (Vaults:1)
  An orb spider (Spider:4)
  A dream sheep (Lair:6)
  A redback (Spider:1)
  4 steam dragons (Swamp:4)
  2 orc wizards (Orc:2)
  An orc (Orc:2)
  9 foxfires (Swamp:4)
  81 fungi
  89 plants
  18 withered plants (Gauntlet)
210 creatures vanquished.

Grand Total: 1291 creatures vanquished

Notes
Turn   | Place    | Note
-------+----------+-------------------------------------------
     0 | D:1      | thromnambular the Demonspawn Wanderer began the quest for
                  | the Orb.
     0 | D:1      | thromnambular set off with the following items: a +0
                  | dagger, a +0 robe, a scroll of teleportation; and the
                  | following spells available to memorise: Sandblast, Magic
                  | Dart, Blink, Call Imp, Slow, Stone Arrow, Mephitic Cloud,
                  | Conjure Flame
     0 | D:1      | Reached XP level 1. HP: 13/13 MP: 3/3
     2 | D:1      | Learned a level 1 spell: Sandblast
   180 | D:1      | Gained mutation: When seriously injured, your bleeding
                  | wounds create armour. (AC +12) [demonic ancestry]
   180 | D:1      | Reached XP level 2. HP: 20/20 MP: 1/5
   818 | D:1      | Reached skill level 1 in Fighting
  1043 | D:2      | Reached skill level 1 in Dodging
  1185 | D:2      | Reached XP level 3. HP: 26/26 MP: 6/6
  1474 | D:2      | Found an iron altar of Okawaru.
  1497 | D:2      | Found a faded altar of an unknown god.
  1500 | D:2      | Became a worshipper of Trog the Wrathful
  1500 | D:2      | Reached * piety under Trog
  2327 | D:3      | Reached XP level 4. HP: 24/33 MP: 7/7
  2683 | D:3      | Noticed Grinder
  2683 | D:3      | Paralysed by Grinder for 6 turns
  2702 | D:3      | Killed Grinder
  2703 | D:3      | Reached XP level 5. HP: 16/39 MP: 8/8
  2703 | D:3      | Gained mutation: You have a pair of small horns on your
                  | head. [demonic ancestry]
  2703 | D:3      | Reached XP level 6. HP: 19/46 MP: 9/9
  3741 | D:4      | Identified the +0 leather armour of the Fiddle {rN+ Str+3}
  3774 | D:4      | Found a staircase to the Ecumenical Temple.
  3882 | D:4      | Reached ** piety under Trog
  3901 | D:4      | Found a glowing drain.
  3958 | Sewer    | Entered a sewer
  4332 | Sewer    | Reached skill level 1 in Evocations
  4332 | Sewer    | Reached XP level 7. HP: 52/52 MP: 10/10
  5125 | D:4      | Found an iron altar of Okawaru.
  5577 | D:5      | Entered Level 5 of the Dungeon
  5671 | D:5      | Gained mutation: You have a pair of horns on your head.
                  | [demonic ancestry]
  5671 | D:5      | Reached XP level 8. HP: 40/59 MP: 11/11
  6070 | D:5      | Reached *** piety under Trog
  6685 | D:6      | Found a broken altar of Ashenzari.
  6734 | D:6      | Noticed Pikel
  6750 | D:6      | Killed Pikel
  6751 | D:6      | Reached skill level 5 in Fighting
  6751 | D:6      | Reached skill level 5 in Dodging
  6753 | D:6      | Gained mutation: You have a pair of large horns on your
                  | head. [demonic ancestry]
  6753 | D:6      | Reached XP level 9. HP: 41/68 MP: 12/12
  7032 | D:6      | Noticed Sigmund
  7049 | D:6      | Killed Sigmund
  7050 | D:6      | Reached skill level 5 in Armour
  7095 | D:6      | Noticed Menkaure
  7102 | D:6      | Killed Menkaure
  7735 | D:6      | Found a runed translucent door.
  7736 | D:6      | Noticed Crazy Yiuf
  7740 | D:6      | Killed Crazy Yiuf
  8214 | D:7      | Found Goaxoiz's Gadget Gallery.
  8222 | D:7      | Bought a wand of paralysis (5) for 98 gold pieces
  8229 | D:7      | Reached **** piety under Trog
  9236 | D:8      | Gained mutation: You are partially covered in sharp spines.
                  | [demonic ancestry]
  9236 | D:8      | Reached XP level 10. HP: 44/79 MP: 13/13
  9393 | D:8      | Found a sparkling altar of Nemelex Xobeh.
  9445 | D:8      | Paralysed by a hornet for 3 turns
  9637 | D:8      | Found a staircase to the Lair.
  9771 | Lair:1   | Entered Level 1 of the Lair of Beasts
  9808 | Lair:1   | Reached skill level 5 in Axes
  9875 | Lair:1   | Noticed a lindwurm
  9875 | Lair:1   | Found a dark tunnel.
  9884 | Lair:1   | Killed a lindwurm
 10024 | Volcano  | Entered a volcano
 10066 | Volcano  | Noticed a fire crab
 10080 | Volcano  | Killed a fire crab
 10245 | Volcano  | Noticed a hell hog
 10254 | Volcano  | Killed a hell hog
 10572 | Lair:1   | HP: 1/121 [komodo dragon (9)]
 10579 | Lair:1   | HP: 5/123 [blink frog (5)]
 10581 | Lair:1   | Gained mutation: You regenerate magic rapidly. [demonic
                  | ancestry]
 10581 | Lair:1   | Reached XP level 11. HP: 6/87 MP: 14/14
 11849 | Lair:2   | Reached ***** piety under Trog
 12405 | Lair:2   | Noticed an ice dragon
 12415 | Lair:2   | Killed an ice dragon
 13020 | Lair:3   | Noticed a six-headed hydra
 13034 | Lair:3   | Killed a six-headed hydra
 13062 | Lair:3   | Found a staircase to the Swamp.
 13711 | Lair:3   | Gained mutation: When seriously injured, your bleeding
                  | wounds create thick armour. (AC +12) [demonic ancestry]
 13711 | Lair:3   | Reached XP level 12. HP: 54/96 MP: 15/15
 13928 | Lair:3   | Noticed a four-headed hydra
 13932 | Lair:3   | Killed a four-headed hydra
 13933 | Lair:3   | Reached skill level 5 in Evocations
 14408 | Lair:4   | Noticed a five-headed hydra
 14420 | Lair:4   | Killed a six-headed hydra
 14940 | Lair:4   | Noticed a five-headed hydra
 14947 | Lair:4   | Killed a five-headed hydra
 14948 | Lair:4   | Reached skill level 10 in Fighting
 15153 | Lair:4   | Identified the +4 flail "Rellam" {holy, rPois Str+4}
 15369 | Lair:4   | Found a hole to the Spider Nest.
 15697 | Lair:4   | Identified the +2 flail "Eheoku" {vamp, Str+4}
 15913 | Lair:5   | Noticed a four-headed hydra
 15919 | Lair:5   | Noticed a boulder beetle
 15924 | Lair:5   | Killed a four-headed hydra
 15953 | Lair:5   | Killed a boulder beetle
 16267 | Lair:5   | Identified the +8 arbalest "Ickacyxi" {penet, *Corrode Fly
                  | rC+ Will+++}
 16605 | Lair:5   | Received a gift from Trog
 16696 | Lair:5   | Reached XP level 13. HP: 83/104 MP: 16/16
 16709 | Lair:5   | Identified the +2 great sword of the Glimmering Oracle
                  | {distort, rC+ Dex+3}
 16962 | Lair:6   | Entered Level 6 of the Lair of Beasts
 17486 | Lair:6   | Reached skill level 10 in Dodging
 18336 | Lair:6   | Found a staircase to the Slime Pits.
 18337 | Lair:6   | Found a viscous altar of Jiyva.
 18414 | Lair:6   | Reached skill level 10 in Armour
 18793 | Lair:6   | Noticed a dire elephant
 18800 | Lair:6   | Killed a dire elephant
 19191 | Lair:6   | Noticed a dire elephant
 19201 | Lair:6   | Killed a dire elephant
 19658 | Lair:6   | Gained mutation: When seriously injured, your bleeding
                  | wounds create very thick armour. (AC +12) [demonic
                  | ancestry]
 19658 | Lair:6   | Reached XP level 14. HP: 113/113 MP: 17/17
 20032 | D:8      | Noticed Erica
 20043 | D:8      | Killed Erica
 20127 | D:8      | Found a runed translucent door.
 20133 | D:8      | Found a basalt altar of Yredelemnul.
 20430 | D:9      | Found Zirom's Overcharged Wands.
 20441 | D:9      | Bought a wand of paralysis (25) for 459 gold pieces
 20441 | D:9      | Bought a wand of charming (25) for 459 gold pieces
 20614 | D:9      | Found a blossoming altar of Fedhas.
 20614 | D:9      | Found a shimmering altar of Xom.
 20862 | D:9      | Found an ancient bone altar of Kikubaaqudgha.
 21090 | D:10     | Entered Level 10 of the Dungeon
 21258 | D:10     | Noticed Fannar
 21265 | D:10     | Killed Fannar
 21266 | D:10     | Reached skill level 10 in Axes
 21450 | D:10     | Found a staircase to the Orcish Mines.
 21483 | D:10     | Noticed Psyche
 21491 | D:10     | Killed Psyche
 22548 | D:11     | Noticed Sonja
 22556 | D:11     | Killed Sonja
 23127 | D:12     | Received a gift from Trog
 23477 | D:12     | Reached skill level 1 in Shields
 23683 | D:12     | Noticed Azrael
 23706 | D:12     | Killed Azrael
 24561 | D:13     | Found a gate leading to a gauntlet.
 24576 | Gauntlet | Entered a Gauntlet
 24576 | Gauntlet | Found a transporter.
 24586 | Gauntlet | Found a transporter.
 24601 | Gauntlet | Found a transporter.
 24608 | Gauntlet | Found a transporter.
 24623 | Gauntlet | Found a transporter.
 24642 | Gauntlet | Found a transporter.
 24644 | Gauntlet | Noticed a reaper
 24654 | Gauntlet | Found a transporter.
 24666 | Gauntlet | Found a transporter.
 24678 | Gauntlet | Found a transporter.
 24690 | Gauntlet | Found a transporter.
 24709 | Gauntlet | Found a transporter.
 24724 | Gauntlet | Found a transporter.
 24726 | Gauntlet | Found a transporter.
 24751 | Gauntlet | Found a transporter.
 24755 | Gauntlet | Found a transporter.
 24755 | Gauntlet | Found a transporter.
 24777 | Gauntlet | Found a transporter.
 24855 | Gauntlet | Found a transporter.
 25025 | Gauntlet | Reached skill level 5 in Shields
 25033 | Gauntlet | Identified the amulet of Desi {Reflect *Corrode Int+9 SH+5}
 25138 | Gauntlet | Identified the +0 helmet of Amelioration {rElec rN+}
 25281 | Gauntlet | Got the Volume of Moulding
 25318 | D:13     | Identified a scroll of acquirement
 25319 | D:13     | Acquired 827 gold pieces
 25992 | D:13     | Found an iron altar of Okawaru.
 26112 | Orc:1    | Entered Level 1 of the Orcish Mines
 26112 | Orc:1    | Noticed Josephine
 26125 | Orc:1    | Killed Josephine
 26126 | Orc:1    | Reached XP level 15. HP: 89/120 MP: 18/18
 26128 | Orc:1    | Received a gift from Trog
 26361 | Orc:2    | Entered Level 2 of the Orcish Mines
 26427 | Orc:2    | Found a staircase to the Elven Halls.
 26670 | Orc:2    | Found Koemel Xovo's Jewellery Shoppe.
 26670 | Orc:2    | Found Woamoxe's Book Shop.
 26730 | Orc:2    | Bought the ring "Sijevups" {rElec Str+4 Int-3 Dex+6} for
                  | 1044 gold pieces
 26771 | Orc:2    | Found Xarchin's Assorted Antiques.
 26778 | Orc:2    | Reached ****** piety under Trog
 26786 | Orc:2    | Found Anleho's Weapon Shop.
 26796 | Orc:2    | Received a gift from Trog
 27633 | D:13     | Found a gate to the Vaults.
 27633 | D:13     | Noticed Jorgrun
 27797 | D:13     | Killed Jorgrun
 27960 | D:14     | Found Bis Irpho's Armour Shop.
 27963 | D:14     | Bought the +2 ratskin cloak {*Rats rPois rN+ Str-1 Int-1
                  | Dex+1} for 417 gold pieces
 27963 | D:14     | Found the +2 ratskin cloak {*Rats rPois rN+ Str-1 Int-1
                  | Dex+1}
 27963 | D:14     | Bought the +0 pair of boots of Vanity {-Cast +Blink Dex+3}
                  | for 267 gold pieces
 28771 | D:14     | Found a shadowy altar of Dithmenos.
 28953 | D:14     | Received a gift from Trog
 29120 | D:14     | You fall into a shaft and drop 1 floor!
 29120 | D:15     | Entered Level 15 of the Dungeon
 30038 | D:15     | Acquired a +2 pair of boots of stealth
 30041 | D:15     | Acquired the amulet "Tiqiugeg" {Spirit Str+2 Dex+2}
 30042 | D:15     | Acquired a manual of Evocations
 30093 | D:15     | Found a staircase to the Depths.
 30850 | Spider:1 | Entered Level 1 of the Spider Nest
 31232 | Spider:1 | Reached skill level 10 in Shields
 31354 | Spider:1 | Gained mutation: When hurt, damage is shared between your
                  | health and your magic reserves. [demonic ancestry]
 31354 | Spider:1 | Reached XP level 16. HP: 130/130 MP: 6/19
 32730 | Spider:2 | Reached skill level 10 in Evocations
 33231 | Spider:2 | Received a gift from Trog
 34934 | Spider:3 | Received a gift from Trog
 35051 | Spider:3 | Acquired the amulet "Yguz" {Faith rF++ rN++ Regen+}
 35285 | Spider:3 | Acquired a manual of Dodging
 35453 | Spider:4 | Entered Level 4 of the Spider Nest
 35871 | Spider:4 | Received a gift from Trog
 36031 | Spider:4 | Gained mutation: Your presence sometimes corrodes those you
                  | injure. [demonic ancestry]
 36031 | Spider:4 | Reached XP level 17. HP: 136/138 MP: 14/20
 36081 | Spider:4 | Got a gossamer rune of Zot
 36348 | Swamp:1  | Entered Level 1 of the Swamp
 36475 | Swamp:4  | Entered Level 4 of the Swamp
 36755 | Swamp:4  | Got a decaying rune of Zot
 37072 | Vaults:1 | Entered Level 1 of the Vaults
 37285 | D:13     | Received a gift from Trog
 37820 | Vaults:1 | Found Vunn's General Store.
 37829 | Vaults:1 | Bought a wand of mindburst (10) for 182 gold pieces
 37829 | Vaults:1 | Bought a scroll of teleportation for 39 gold pieces
 37829 | Vaults:1 | Bought a potion of curing for 39 gold pieces
 38122 | Vaults:1 | Reached XP level 18. HP: 139/147 MP: 7/21
 38966 | Vaults:2 | Received a gift from Trog
 39106 | Vaults:2 | Cast into level 2 of the Abyss (a wizard)
 39110 | Abyss:2  | Identified the +1 leather armour of the Orb {rF- rC++}
 39176 | Vaults:2 | Escaped the Abyss
 39251 | Vaults:2 | Reached skill level 15 in Fighting
 39407 | Vaults:2 | Noticed Asterion
 39453 | Vaults:2 | Killed Asterion
 39474 | Vaults:2 | Reached skill level 15 in Evocations
 39604 | Vaults:2 | Paralysed by an ogre mage for 3 turns
 39616 | Vaults:2 | Slain by an orc warlord

Illustrated notes

Levels and vault maps discovered:
D:1:      psy_arrival_spokes, layout_basic
D:2:      layout_basic, basic_altar, chequers_ecumenical_altar_simple
D:3:      layout_basic, uniq_grinder
D:4:      layout_loops_cross, overflow_temple_1_default,
          minmay_temple_entry_mini_moons, portal_sewer_entry_b,
          minmay_misc_feat_encased, amcnicky_mini_rare_corridor_liquid
D:5:      layout_cave_pools, minmay_misc_feat_room
D:6:      layout_basic, evilmike_ruin_ashenzari, uniq_crazy_yiuf_cottage,
          uniq_sigmund, uniq_pikel, uniq_menkaure
D:7:      layout_basic, nicolae_shop_gadgets
D:8:      layout_rooms, dk_yredelemnul_ordeal,
          mainiacjoe_overflow_six_doors_small, due_lair_maze_entry_diamond,
          uniq_erica
D:9:      layout_loops_ring, chequers_temple_overflow_statue_of_worship,
          eino_small_chamber_without_monster, kennysheep_diamond,
          nicolae_shop_overcharged_wands
D:10:     layout_loops_ring, erik_orc_3, uniq_psyche, uniq_fannar
D:11:     layout_long_grid, serial_bayou, serial_bayou_pond_e,
          serial_bayou_ford_a, serial_bayou_pond_a, serial_bayou_pond_c,
          zin_scriptorium, uniq_sonja
D:12:     layout_loops_ring, uniq_azrael
D:13:     layout_basic, hangedman_vaults_entry_quadrant_bands,
          serial_corexii_hall, chequers_hall_statues_wall_a,
          chequers_hall_statues_corner_a, gauntlet_entry_generic,
          okawaru_ov_weapons_minmay, uniq_jorgrun
D:14:     layout_stronghold, serial_shops, nicolae_stop_n_shop_1,
          grunt_dithmenos_shadows
D:15:     grunt_enter_depths_hoard, layout_basic, minmay_misc_feat_nine_boxes,
          hangedman_decor_growths
Lair:1:   layout_gridlike, nicolae_volcano_entry_vermiform, serial_bayou_shore_a
Lair:2:   layout_roguey, ice2_lemuel, grunt_megastairs_1,
          infiniplex_staircase_pool, lemuel_fruit_tree
Lair:3:   layout_chaotic_city, swamp_mist_pool
Lair:4:   layout_layer_cave, spider_nest_entry_web_field,
          chequers_serial_rivers_micro_b, dpeg_stationary_puzzle,
          grunt_megastairs_5
Lair:5:   layout_regular_city, minivault_23, minmay_lair_drake_nest
Lair:6:   hangedman_lair_in_review, layout_cave_pods, slime_altar_1
Swamp:1:  layout_basic_swamp, ebering_ghost_xom, evilmike_swamp_ruin_rubble_1,
          uniq_donald
Swamp:2:  layout_basic_swamp, evilmike_swamp_ruin_house_1, swamp_pool4
Swamp:3:  layout_basic_swamp, evilmike_swamp_ruin_house_3, uniq_aizul
Swamp:4:  swamp_fiery, layout_basic_swamp, swamp_pool1, hangedman_swamp_lotus
Spider:1: layout_chambers
Spider:2: layout_spider_delve, hangedman_spider_tarantella_strand
Spider:3: layout_spider_delve
Spider:4: guppyfry_spider_rune, nicolae_spider_nooks_and_crannies
Orc:1:    nicolae_orc_accident_1, layout_diamond_mine, uniq_maurice,
          uniq_josephine
Orc:2:    st_orc_town, layout_diamond_mine
Vaults:1: nicolae_vaults_network_quincunx
          [nicolae_vaults_network_quincunx_subvault,
          nicolae_vaults_network_quincunx_subvault,
          nicolae_vaults_network_quincunx_subvault,
          nicolae_vaults_network_quincunx_subvault,
          nicolae_vaults_network_quincunx_subvault],
          ontoclasm_vaults_ring_large, hangedman_vaults_hat,
          hangedman_vaults_stretched_pinwheel, dpeg_vaults_monster_box,
          v_misc_27, nicolae_vaults_border_crossing, hangedman_vaults_stagger,
          hangedman_vaults_impose, layout_vaults_maze_snakey, serial_shops,
          shop_fountains
Vaults:2: gammafunk_vaults_ghost_split, hangedman_vaults_snaps,
          vaults_room_stairs_pillars, st_cells, nicolae_vaults_asterisk,
          v_misc_29, v_misc_30, layout_vaults_omnigrid, uniq_asterion

Skill      XL: |  1  2  3  4  5  6  7  8  9 10 11 12 13 14 15 16 17 18 |
---------------+-------------------------------------------------------+-----
Fighting       | 1 2 3 4 5 7 8 9 10 11 12 13 14 15 | 15.3
Earth Magic    | 3 |  3.0
Dodging        | 1 2 3 5 6 7 8 9 10 11 13 14 | 14.6
Maces & Flails | 2 3 |  3.9
Armour         | 2 3 4 6 7 8 9 10 11 12 | 12.4
Evocations     | 1 2 4 6 8 9 12 13 15 | 15.2
Axes           | 2 4 6 7 8 9 10 11 12 13 | 13.6
Shields        | 7 10 11 12 | 12.7
Throwing       | |  1.0
Stealth        | |  1.0
Spellcasting   | |  2.3
Air Magic      | |  2.6

Action                   |  1- 3 |  4- 6 |  7- 9 | 10-12 | 13-15 | 16-18 || total
-------------------------+-------+-------+-------+-------+-------+-------++-------
Melee: Dagger            |     6 |       |       |       |       |       ||     6
       Short sword       |    24 |       |       |       |       |       ||    24
       Whip              |    32 |   162 |   169 |       |       |       ||   363
       Headbutt          |       |    23 |    54 |    54 |   258 |   412 ||   801
       Battleaxe         |       |       |   168 |   276 |   316 |       ||   760
       Broad axe         |       |       |       |       |   621 |  1102 ||  1723
Throw: Stone             |     2 |       |       |       |       |       ||     2
 Cast: Sandblast         |    26 |       |       |       |       |       ||    26
Invok: Berserk           |     1 |     3 |     4 |     3 |     4 |     6 ||    21
       Trog's Hand       |       |       |       |     4 |     6 |    18 ||    28
       Brothers in Arms  |       |       |       |     2 |     1 |    16 ||    19
Evoke: Wand              |       |       |     4 |    69 |    45 |    57 ||   175
       Lightning rod     |       |       |       |       |     7 |    10 ||    17
       Tin of tremorston |       |       |       |       |     2 |     9 ||    11
       Phial of floods   |       |       |       |       |       |     1 ||     1
  Use: Scroll            |     3 |     2 |    10 |    14 |    18 |    14 ||    61
       Potion            |       |     1 |     4 |     4 |     2 |    15 ||    26
 Stab: Sleeping          |     3 |       |     2 |       |       |       ||     5
       Distracted        |       |       |       |     1 |       |     9 ||    10
       Petrified         |       |       |       |       |     8 |       ||     8
       Paralysed         |       |       |       |       |     8 |    36 ||    44
       Confused          |       |       |       |       |       |     4 ||     4
Armor: Robe              |     9 |       |       |       |       |       ||     9
       Ring mail         |     2 |     9 |       |       |       |       ||    11
       Leather armour    |       |    39 |   185 |     8 |       |       ||   232
       Chain mail        |       |       |       |   250 |   678 |   893 ||  1821
       Skin              |       |       |       |       |     5 |       ||     5
Dodge: Dodged            |    33 |    93 |   257 |   195 |   538 |   755 ||  1871
Block: Tower shield      |       |       |       |       |   775 |  1869 ||  2644
